 Dungeon Sprint DCSS version 0.28-a0-8-g6e044cfa68 (webtiles) character file.

Game seed: 13850307561197955861

121981 mhtbhm the Gargoyle Barricade (level 16, -2/114 HPs)
             Began as a Gargoyle Fighter on July 24, 2021.
             Was a High Priest of Qazlal.
             Slain by Ciyfas the pandemonium lord (20 damage)
             ... in the Dungeon (Sprint VII: "The Pits").
             The game lasted 00:17:07 (7487 turns).

mhtbhm the Gargoyle Barricade (Gargoyle Fighter)    Turns: 7487, Time: 00:17:08

Health: -2/114     AC: 48    Str: 27    XL:     16   Next: 86%
Magic:  2/33       EV: 12    Int:  9    God:    Qazlal [*****.]
Gold:   38         SH: 34    Dex: 12    Spells: 15/15 levels left

rFire   + . .      SeeInvis +   a - +2 war axe (freeze)
rCold   + . .      Faith    .   c - +1 tower shield
rNeg    + + .      Spirit   .   b - +2 gold dragon scales
rPois   ∞          Reflect  .   o - +1 helmet
rElec   +          Harm     .   E - +2 cloak {Stlth+}
rCorr   .          Rampage  .   q - +1 pair of gloves
Will    +....      NoTele   +   (no boots)
Stlth   ..........              (no amulet)
HPRegen 0.29/turn               A - ring of Beusi {rN+ Slay+2 SInv}
MPRegen 0.23/turn               t - ring of the Burgomaster {*Slow EV+4 Dex+3 Slay+5 Stlth+}

@: mighty, protected from physical damage, flying, repel missiles
A: sickness immunity, AC +12, big wings, negative energy resistance 1,
electricity resistance, torment resistance 1, petrification resistance
a: Renounce Religion, Upheaval, Elemental Force, Disaster Area


You were in the Dungeon.
You worshipped Qazlal.
Qazlal was extremely pleased with you.
You visited 1 branch You collected 38 gold pieces.

Inventory:

Hand Weapons
 a - a +2 war axe of freezing (weapon)
Missiles
 B - 4 throwing nets (quivered)
Armour
 b - +2 gold dragon scales (worn)
 c - a +1 tower shield (worn)
 o - a +1 helmet (worn)
 q - a +1 pair of gloves (worn)
 E - a +2 cloak of stealth (worn)
Jewellery
 t - the ring of the Burgomaster (right hand) {*Slow EV+4 Dex+3 Slay+5 Stlth+}
   (You took it off a vampire mage in the Dungeon)

   [ring of evasion]

   EV:        It affects your evasion (+4).
   Dex:       It affects your dexterity (+3).
   Slay:      It affects your accuracy & damage with ranged weapons and melee
   (+5).
   *Slow:     It may slow you when you take damage.
   Stlth:     It makes you more stealthy.
 A - the ring of Beusi (left hand) {rN+ Slay+2 SInv}
   (You found it in the Dungeon)

   [ring of see invisible]

   Slay:      It affects your accuracy & damage with ranged weapons and melee
   (+2).
   rN:        It protects you from negative energy.
   SInv:      It lets you see invisible.
 D - a ring of protection from fire
Wands
 C - a wand of polymorph (8)
Scrolls
 j - 2 scrolls of blinking
 l - 6 scrolls of amnesia
 m - a scroll of summoning
 v - 2 scrolls of enchant armour
 w - 2 scrolls of fog
 x - 2 scrolls of fear
 y - 2 scrolls of identify
Potions
 d - 3 potions of might
 e - 8 potions of curing
 g - 4 potions of haste
 h - 2 potions of magic
 i - 2 potions of berserk rage
 k - a potion of invisibility
 z - a potion of brilliance
Miscellaneous
 n - a phantom mirror
 s - a box of beasts
 u - a piece from Xom's chessboard (15/15)


   Skills:
 + Level 18.1 Fighting
 + Level 19.3 Axes
 + Level 0.5 Throwing
 + Level 18.2 Armour
 + Level 3.9 Dodging
 + Level 9.4 Stealth
 O Level 27 Shields
 * Level 26.6 Invocations
 + Level 2.5 Evocations


You had 15 spell levels left.
You didn't know any spells.
Your spell library contained the following spells:

 Spells                   Type           Power      Damage    Failure   Level
 Ignite Poison            Fire/Tmut/Pois 0%         N/A       100%        3
 Bolt of Magma            Conj/Fire/Erth 0%         4d4       100%        5
 Yara's Violent Unravell  Hex/Tmut       0%         3d3       100%        5
 Starburst                Conj/Fire      0%         8x6d3     100%        6
 Necromutation            Tmut/Necr      0%         N/A       100%        8
 Shatter                  Erth           0%         3d5*      100%        9
 Sublimation of Blood     Necr           Unusable   N/A       N/A         2

Dungeon Overview and Level Annotations

Branches:
Dungeon (1/1)

Altars:
Ashenzari
Cheibriados
Dithmenos
Elyvilon
Fedhas
Gozag
Hepliaklqana
Kikubaaqudgha
Makhleb
Nemelex Xobeh
Okawaru
Qazlal
Ru
Sif Muna
Trog
Uskayaw
Vehumet
Wu Jian
Xom
Yredelemnul
Zin
The Shining One
Beogh
Jiyva
Lugonu


Innate Abilities, Weirdness & Mutations

You are immune to sickness and miasma.
Your stone body is resilient. (AC +12)
You are immune to poison.
Your large and strong wings let you fly.
You resist negative energy. (rN+)
You are resistant to electric shocks. (rElec)
You are resistant to unholy torment.
You are immune to petrification.


Message History

You block the wandering mushroom's attack.
Unknown command.
Unknown command.
Unknown command.
Unknown command.
Unknown command.
You block Ciyfas's attack. Magic courses through your body.
The curse toe is no longer encased in ice.
Ciyfas splashes you!!
* * * LOW HITPOINT WARNING * * *
You feel more protected from physical attacks.
You feel your power leaking away.
Unknown command.
Nature churns violently around you!
The blast of ice hits the curse toe!!!
The curse toe partially resists.
The curse toe is almost destroyed.
The curse toe is flash-frozen.
The blast of ice hits the wandering mushroom!!!
You destroy the wandering mushroom!
The blast of ice hits Ciyfas!!
Ciyfas partially resists.
Ciyfas is heavily wounded.
Ciyfas is flash-frozen.
You hear a sizzling sound!
The blast of magma engulfs the curse toe!
The curse toe partially resists.
The curse toe is almost destroyed.
You block Ciyfas's attack. Ciyfas splashes you but does no damage.
Unknown command.
Unknown command.
Unknown command.
Unknown command.
Nature churns violently around you!
The cutting wind hits the curse toe!!!
You destroy the curse toe!
Qazlal accepts your kill.
The cutting wind hits Ciyfas!!!
Ciyfas is severely wounded.
Ciyfas splashes you but does no damage. Ciyfas splashes you!!
You die...

#'# #.# #'# #.# #'# #.#
#.# ####### #.# ####
#≈.@&.# #.# #.'####≈###.##
#.# #'#.'#≈.'##.○#○ #.#
#.###.###.###)### ### #.#
##'.###.###.###.###.###)#
#...'...'...'..[....##.##
#'.##'.##.)##..##'.##).)#
#.###.###.###.###.##)[...#
## ## ## ## ## ####)##


You could see Ciyfas (frozen).

Vanquished Creatures
  2 royal mummies (D)
  A Killer Klown (D)
  2 pandemonium lords (D)
  2 curse toes (D)
  A Tzitzimitl (D)
  A Brimstone Fiend (D)
  A pearl dragon (D)
  3 electric golems (D)
  A hellephant (D)
  A tentacled monstrosity (D)
  A Hell Sentinel (D)
  An acid blob (D)
  A quicksilver dragon (D)
  A deep elf master archer (D)
  2 Executioners (D)
  2 sphinxes (D)
  2 iron dragons (D)
  3 balrugs (D)
  3 orc warlords (D)
  2 frost giants (D)
  Louise (D)
  A ghost moth (D)
  A draconian annihilator (D)
  A vampire knight (D)
  A stone giant (D)
  Azrael (D)
  A lorocyproca (D)
  2 white draconians (D)
  3 fire dragons (D)
  A green death (D)
  2 yaktaur captains (D)
  2 vault guards (D)
  Harold (D)
  2 ice dragons (D)
  A boulder beetle (D)
  2 death knights (D)
  2 alligators (D)
  A dancing weapon (D)
  A centaur warrior (D)
  4 death yaks (D)
  2 vampire magi (D)
  A deep elf knight (D)
  2 sun demons (D)
  A soul eater (D)
  An iron troll (D)
  2 sixfirhies (D)
  15 orc knights (D)
  A phantasmal warrior (D)
  A flayed ghost (D)
  A swamp dragon (D)
  A deep elf pyromancer (D)
  A manticore (D)
  A wolf spider (D)
  2 black mambas (D)
  A merfolk siren (D)
  A rust devil (D)
  A naga mage (D)
  2 orange demons (D)
  An unseen horror (D)
  A demonic crawler (D)
  A komodo dragon (D)
  2 efreet (D)
  6 yaktaurs (D)
  A freezing wraith (D)
  A rime drake (D)
  A red devil (D)
  A jumping spider (D)
  A hornet (D)
  A wandering mushroom (D)
  A tyrant leech (D)
  A dream sheep (D)
  A flying skull (D)
  2 tarantellas (D)
  2 shadows (D)
  4 yaks (D)
  A redback (D)
  3 spriggans (D)
  A vampire (D)
  4 fire elementals (D)
  2 fire bats (D)
  A steam dragon (D)
  3 vampire mosquitoes (D)
  A chaos spawn (D)
  2 wargs (D)
  A floating eye (D)
  An acid dragon (D)
  2 hell hounds (D)
  3 orc warriors (D)
  A swamp drake (D)
  A black bear (D)
  A necrophage (D)
  A wolf (D)
  2 centaurs (D)
  A phantom (D)
  2 earth elementals (D)
  A scorpion (D)
  A hound (D)
  An orc priest (D)
  An iron imp (D)
  2 gnoll shamans (D)
  An iguana (D)
  An orc wizard (D)
  A hell rat (D)
  A small abomination (D)
  A mummy (D)
  8 gnolls (D)
  2 river rats (D)
  An adder (D)
  2 white imps (D)
  2 ufetubi (D)
  An adder skeleton (D)
  An adder zombie (D)
  6 orcs (D)
  A bat (D)
  A hobgoblin (D)
  4 jackals (D)
  A ball python simulacrum (D)
  A jackal zombie (D)
  2 rats (D)
207 creatures vanquished.

Vanquished Creatures (collateral kills)
  A profane servitor (D)
  A titan (D)
  A shadow dragon (D)
  A hydra (D)
  A death knight (D)
  An ice devil (D)
  2 orc priests (D)
  An orc wizard (D)
9 creatures vanquished.

Vanquished Creatures (others)
  A vault guard (D)
  A kobold demonologist (D)
  An orc (D)
3 creatures vanquished.

Grand Total: 219 creatures vanquished

Notes
Turn   | Place    | Note
-------+----------+-------------------------------------------
     0 | D        | mhtbhm the Gargoyle Fighter began the quest for the Orb.
     0 | D        | Reached XP level 1. HP: 14/14 MP: 1/1
    18 | D        | Found a bloodstained altar of Trog.
    18 | D        | Found a shimmering blue altar of Sif Muna.
    18 | D        | Found a viscous altar of Jiyva.
    18 | D        | Found a hazy altar of Hepliaklqana.
    18 | D        | Found an opulent altar of Gozag.
    19 | D        | Found a glowing golden altar of the Shining One.
    19 | D        | Found a glowing silver altar of Zin.
    19 | D        | Found a basalt altar of Yredelemnul.
    19 | D        | Found a shimmering altar of Xom.
    19 | D        | Found an ornate altar of the Wu Jian Council.
    19 | D        | Found a sacrificial altar of Ru.
    19 | D        | Found a stormy altar of Qazlal.
    19 | D        | Found an iron altar of Okawaru.
    19 | D        | Found a sparkling altar of Nemelex Xobeh.
    19 | D        | Found a burning altar of Makhleb.
    19 | D        | Found a blossoming altar of Fedhas.
    19 | D        | Found a white marble altar of Elyvilon.
    19 | D        | Found a shadowy altar of Dithmenos.
    19 | D        | Found a snail-covered altar of Cheibriados.
    21 | D        | Found a radiant altar of Vehumet.
    21 | D        | Found a corrupted altar of Lugonu.
    22 | D        | Found a hide-covered altar of Uskayaw.
    22 | D        | Found an ancient bone altar of Kikubaaqudgha.
    22 | D        | Found a broken altar of Ashenzari.
    26 | D        | Became a worshipper of Qazlal Stormbringer
    71 | D        | Reached * piety under Qazlal
   156 | D        | Reached skill level 4 in Shields
   156 | D        | Reached XP level 2. HP: 16/20 MP: 2/2
   214 | D        | Noticed a scorpion
   230 | D        | Reached ** piety under Qazlal
   231 | D        | Reached XP level 3. HP: 21/24 MP: 3/3
   247 | D        | Killed a scorpion
   248 | D        | Reached skill level 5 in Fighting
   248 | D        | Reached skill level 5 in Armour
   248 | D        | Reached skill level 5 in Shields
   248 | D        | Reached XP level 4. HP: 17/31 MP: 4/4
   365 | D        | Reached skill level 1 in Dodging
   365 | D        | Reached skill level 6 in Shields
   536 | D        | Noticed a fire bat
   539 | D        | Reached *** piety under Qazlal
   544 | D        | Reached skill level 1 in Invocations
   544 | D        | Reached XP level 5. HP: 29/36 MP: 4/6
   545 | D        | Killed a fire bat
   546 | D        | Reached skill level 7 in Shields
   546 | D        | Reached XP level 6. HP: 35/42 MP: 4/9
   547 | D        | Noticed a flying skull
   548 | D        | Reached **** piety under Qazlal
   551 | D        | Reached skill level 8 in Shields
   552 | D        | Reached ***** piety under Qazlal
   553 | D        | Reached skill level 5 in Invocations
   555 | D        | Reached XP level 7. HP: 24/47 MP: 4/11
   591 | D        | Killed a flying skull
   592 | D        | Reached skill level 9 in Shields
   692 | D        | Reached ****** piety under Qazlal
   695 | D        | Noticed a dream sheep
   703 | D        | Killed a dream sheep
   704 | D        | Reached skill level 10 in Shields
   711 | D        | Noticed a warg
   717 | D        | Reached XP level 8. HP: 45/53 MP: 13/13
   775 | D        | Noticed a tyrant leech
   809 | D        | Killed a tyrant leech
   826 | D        | Reached skill level 11 in Shields
   982 | D        | Noticed an efreet
   993 | D        | Killed an efreet
  1097 | D        | Noticed a jumping spider
  1098 | D        | Noticed a sun demon
  1103 | D        | Killed a jumping spider
  1103 | D        | Noticed a boulder beetle
  1104 | D        | Reached XP level 9. HP: 60/60 MP: 15/15
  1125 | D        | Killed a sun demon
  1126 | D        | Reached skill level 10 in Axes
  1126 | D        | Reached skill level 12 in Shields
  1135 | D        | Killed a boulder beetle
  1136 | D        | Reached skill level 13 in Shields
  1250 | D        | Noticed a black mamba
  1256 | D        | Killed a black mamba
  1257 | D        | Reached skill level 10 in Invocations
  1263 | D        | Reached XP level 10. HP: 65/65 MP: 17/17
  1275 | D        | Noticed a death knight
  1308 | D        | Killed a death knight
  1309 | D        | Reached skill level 14 in Shields
  1572 | D        | Noticed a vampire mage
  1573 | D        | Noticed a merfolk siren
  1582 | D        | Killed a merfolk siren
  1587 | D        | Noticed a jiangshi
  1592 | D        | Killed a vampire mage
  1813 | D        | Noticed an orc knight
  1825 | D        | Killed an orc knight
  1826 | D        | Reached skill level 10 in Armour
  2139 | D        | Reached skill level 15 in Shields
  2148 | D        | Reached skill level 10 in Fighting
  2148 | D        | Reached XP level 11. HP: 49/72 MP: 18/20
  2307 | D        | Noticed a phantasmal warrior
  2320 | D        | Killed a phantasmal warrior
  2407 | D        | Reached skill level 16 in Shields
  2443 | D        | Noticed an alligator
  2451 | D        | Killed an alligator
  2706 | D        | Noticed an alligator
  2718 | D        | Killed an alligator
  2794 | D        | Noticed a six-headed hydra
  2801 | D        | Killed an eight-headed hydra
  2819 | D        | Reached skill level 1 in Stealth
  2822 | D        | Paralysed by a floating eye for 4 turns
  2826 | D        | Noticed a sixfirhy
  2827 | D        | Killed a sixfirhy
  2828 | D        | Reached skill level 17 in Shields
  2828 | D        | Reached XP level 12. HP: 27/80 MP: 11/22
  3230 | D        | Noticed a sphinx
  3230 | D        | Noticed a profane servitor
  3230 | D        | Noticed an iron troll
  3230 | D        | Noticed a sun demon
  3232 | D        | Killed a sun demon
  3233 | D        | Killed a sphinx
  3255 | D        | Killed a profane servitor
  3256 | D        | Reached skill level 15 in Invocations
  3261 | D        | Killed an iron troll
  3326 | D        | Got Sif Muna's Reference Book on the Rocks and Black Rites
  3332 | D        | Got the ring of Beusi {rN+ Slay+2 SInv}
  3478 | D        | Noticed a death knight
  3478 | D        | Noticed Harold
  3478 | D        | Noticed a centaur warrior
  3479 | D        | Found the +5 robe of Misfortune {Contam Harm *Corrode Drain
                  | *Slow EV+5}
  3479 | D        | Killed a centaur warrior
  3479 | D        | Killed a death knight
  3479 | D        | Noticed a sphinx
  3479 | D        | Noticed a vampire knight
  3480 | D        | Reached skill level 18 in Shields
  3483 | D        | Killed Harold
  3483 | D        | Killed a sphinx
  3484 | D        | Reached skill level 15 in Axes
  3484 | D        | Reached XP level 13. HP: 74/87 MP: 10/25
  3484 | D        | Killed a vampire knight
  3486 | D        | Noticed a frost giant
  3493 | D        | Killed a frost giant
  3495 | D        | Noticed Azrael
  3509 | D        | Identified the ring of the Burgomaster {*Slow EV+4 Dex+3
                  | Slay+5 Stlth+}
  3515 | D        | Killed Azrael
  3535 | D        | Reached skill level 1 in Evocations
  3574 | D        | Got the Collected Works on Moulding and Conjuration
  3777 | D        | Noticed an orc warlord
  3777 | D        | Noticed an orc warlord
  3777 | D        | Noticed a vault guard
  3777 | D        | Noticed a yaktaur captain
  3779 | D        | Noticed a vault guard
  3782 | D        | Reached skill level 19 in Shields
  3782 | D        | Killed a yaktaur captain
  3783 | D        | Killed a vault guard
  3783 | D        | Noticed a yaktaur captain
  3784 | D        | Gained mutation: Your large and strong wings let you fly.
                  | [Gargoyle growth]
  3784 | D        | Reached XP level 14. HP: 94/94 MP: 12/28
  3787 | D        | Killed an orc warlord
  3788 | D        | Reached skill level 5 in Stealth
  3793 | D        | Killed an orc warlord
  3795 | D        | Reached skill level 20 in Shields
  4029 | D        | Found the +4 skin of Zhor {*Englaciate rC+++ SInv}
  4129 | D        | Got the +4 plate armour "Juhi" {rC+ rCorr}
  4199 | D        | Noticed an electric golem
  4245 | D        | Killed an electric golem
  4429 | D        | Noticed an orc warlord
  4439 | D        | Killed an orc warlord
  4442 | D        | Noticed a balrug
  4454 | D        | Killed a balrug
  4626 | D        | Noticed an Executioner
  4635 | D        | Killed an Executioner
  4636 | D        | Reached skill level 21 in Shields
  4692 | D        | Noticed an electric golem
  4714 | D        | Killed an electric golem
  4715 | D        | Reached skill level 15 in Armour
  4901 | D        | Noticed a balrug
  4901 | D        | Noticed an Executioner
  4901 | D        | Noticed a white draconian
  4901 | D        | Noticed a Killer Klown
  4901 | D        | Noticed a stone giant
  4902 | D        | Killed an Executioner
  4902 | D        | Killed a stone giant
  4902 | D        | Killed a white draconian
  4902 | D        | Killed a balrug
  4903 | D        | Reached skill level 22 in Shields
  4903 | D        | Reached XP level 15. HP: 101/101 MP: 21/30
  4903 | D        | Killed a Killer Klown
  4904 | D        | Reached skill level 15 in Fighting
  4978 | D        | Noticed Nonnythri the pandemonium lord
  4980 | D        | Killed Nonnythri the pandemonium lord
  4981 | D        | Reached skill level 23 in Shields
  5145 | D        | Noticed a hellephant
  5169 | D        | Killed a hellephant
  5270 | D        | Noticed an iron dragon
  5289 | D        | Killed an iron dragon
  5314 | D        | Noticed a curse toe
  5325 | D        | Killed a curse toe
  5326 | D        | Reached skill level 24 in Shields
  5439 | D        | Noticed a tentacled monstrosity
  5441 | D        | Noticed Wouzo the pandemonium lord
  5459 | D        | Killed Wouzo the pandemonium lord
  5462 | D        | Killed a tentacled monstrosity
  5642 | D        | Noticed a deep elf master archer
  5649 | D        | Noticed a royal mummy
  5649 | D        | Noticed an acid blob
  5655 | D        | Killed an acid blob
  5655 | D        | Killed a deep elf master archer
  5664 | D        | Killed a royal mummy
  5665 | D        | Reached XP level 16. HP: 45/110 MP: 25/32
  5677 | D        | Noticed a pearl dragon
  5678 | D        | Killed a pearl dragon
  5679 | D        | Reached skill level 25 in Shields
  5881 | D        | Noticed a quicksilver dragon
  5893 | D        | Killed a quicksilver dragon
  6008 | D        | Noticed a royal mummy
  6029 | D        | Killed a royal mummy
  6086 | D        | Noticed a shadow dragon
  6100 | D        | Killed a shadow dragon
  6211 | D        | Noticed a Brimstone Fiend
  6219 | D        | Killed a Brimstone Fiend
  6220 | D        | Reached skill level 26 in Shields
  6244 | D        | Noticed a titan
  6250 | D        | Killed a titan
  6425 | D        | Noticed an electric golem
  6449 | D        | Killed an electric golem
  6698 | D        | Noticed Louise
  6717 | D        | Killed Louise
  6904 | D        | Noticed a Hell Sentinel
  6923 | D        | Killed a Hell Sentinel
  6946 | D        | Noticed a Tzitzimitl
  6955 | D        | Killed a Tzitzimitl
  7063 | D        | Reached skill level 27 in Shields
  7442 | D        | Noticed Ciyfas the pandemonium lord
  7479 | D        | Noticed a curse toe
  7487 | D        | Killed a curse toe
  7487 | D        | Slain by Ciyfas the pandemonium lord

Illustrated notes

Levels and vault maps discovered:
D:        pitsprint [storerooms_1, entrance_room_1, metal_vault_6, armoury_3,
          mini_pit_1, grid_room_1, main_hall_1, silver_pit, the_coven_1,
          the_vestibule_1, steel_vault_5, golden_pit, hallway_of_sentries,
          crystal_vault_5, iron_vault_3, final_vault]

Skill      XL: |  1  2  3  4  5  6  7  8  9 10 11 12 13 14 15 16 |
---------------+-------------------------------------------------+-----
Axes           | 2 4 6 7 8 9 11 12 14 15 16 17 18 19 | 19.3
Fighting       | 4 5 6 7 8 10 11 12 13 14 16 18 | 18.1
Armour         | 4 5 6 7 9 10 11 13 14 15 16 18 | 18.2
Shields        | 4 5 6 7 8 10 11 13 15 17 18 19 22 24 27 | 27.0
Dodging        | 1 2 3 |  3.9
Invocations    | 1 4 5 6 8 10 12 13 17 20 22 25 26 | 26.6
Stealth        | 1 4 9 |  9.4
Evocations     | 1 2 |  2.5
Throwing       | |  0.5

Action                   |  1- 3 |  4- 6 |  7- 9 | 10-12 | 13-15 | 16-18 || total
-------------------------+-------+-------+-------+-------+-------+-------++-------
Melee: Hand axe          |    37 |    23 |   102 |       |       |       ||   162
       War axe           |     1 |       |    45 |   182 |   226 |   191 ||   645
Throw: Throwing net      |       |       |       |       |     1 |       ||     1
Invok: Elemental Force   |       |       |     1 |     2 |       |       ||     3
       Disaster Area     |       |       |       |     7 |    11 |     8 ||    26
       Upheaval          |       |       |       |       |     1 |     2 ||     3
Evoke: Box of beasts     |       |       |       |     1 |     1 |     1 ||     3
       Piece from Xom's  |       |       |       |       |     2 |       ||     2
       Phantom mirror    |       |       |       |       |       |     1 ||     1
  Use: Potion            |       |     1 |     7 |     2 |     3 |     9 ||    22
 Stab: Paralysed         |       |       |       |     1 |       |       ||     1
       Invisible         |       |       |       |       |    14 |       ||    14
Armor: Scale mail        |    13 |     7 |       |       |       |       ||    20
       Plate armour      |       |    12 |    39 |   108 |    21 |       ||   180
       Gold dragon scale |       |       |       |       |    75 |    61 ||   136
Dodge: Dodged            |    15 |     8 |    17 |    39 |    55 |    27 ||   161
       Repelled          |       |       |       |       |     5 |     2 ||     7
Block: Kite shield       |    28 |    36 |   126 |   219 |    84 |       ||   493
       Tower shield      |       |       |       |       |   203 |   194 ||   397

Table legend: (Time is in decaauts)
 A = Elapsed time spent in this place.
 B = Non-inter-level travel time spent in this place.
 C = Inter-level travel time spent in this place.
 D = Time resting spent in this place.
 E = Time spent auto-exploring this place.
 F = Levels seen in this place.
 G = Mean time per level.
                   A        B        C        D        E       F      G
               +--------+--------+--------+--------+--------+-----+--------+
         Total |   7407 |   7407 |      0 |   4953 |    141 |   1 | 7407.0 |
       Dungeon |   7407 |   7407 |      0 |   4953 |    141 |   1 | 7407.0 |
               +--------+--------+--------+--------+--------+-----+--------+

Top non-repeatable levels by time:
       D: 7407 daAuts
